AoeStats
← Mooncore

Four Lakes

508873049Analyzed
1v1 RM · 7d ago on Sep 24, 2026· 46m 9s· 2 players
Game mode
Random Map
Map size
Tiny (2 player)
Population
200
Speed
Normal
Resources
Standard
Victory
Conquest
Starting age
Dark Age
Ending age
Imperial Age
RankedLock teamsTeams togetherTeam positionsShared explorationLock speedFull tech treeHidden civsTurbo modeCheats
Victory
Defeat
🇬🇧 Varangians · United Kingdom
902
+36
🇪🇸 Khmer · Spain
879
-35
DaxanDaxter
18:27 Feudal Age
20:02 Loom
21:16 Wheelbarrow
25:05 Double-Bit Axe
29:00 Castle Age
30:53 Hand Cart
32:44 Crossbowman
34:40 Light Cavalry
Mooncore
10:51 Feudal Age
9:39 Loom
15:58 Castle Age
23:28 Forging
24:23 Squires
24:09 Arson
27:51 Iron Casting
30:33 Imperial Age
31:01 Scale Mail Armor
31:40 Elite Varangian Guard
32:42 Chain Mail Armor
33:28 Blast Furnace
34:28 Gold Mining
35:29 Wheelbarrow
40:59 Plate Mail Armor
39:51 Gothikon
Connection lost

Rejoining the realm…

Still unreachable

The connection could not be restored.

Session expired

The server has moved on; the page needs a fresh start.